 Dungeon Crawl Stone Soup version 0.28.0-43-g3370ac3207 (webtiles) character file.

Game seed: 11692248377519772775

2677 rlgrobin the Arsonist (level 9, -1/70 HPs)
             Began as a Hill Orc Cinder Acolyte on Mar 4, 2022.
             Was an Elder of Ignis.
             Slain by Harold
             ... wielding a +0 battleaxe
              (24 damage)
             ... on level 7 of the Dungeon.
             The game lasted 00:08:19 (8439 turns).

rlgrobin the Arsonist (Hill Orc Cinder Acolyte)     Turns: 8439, Time: 00:08:20

Health: -1/70      AC:  6    Str: 24    XL:     9   Next: 64%
Magic:  8/15       EV:  5    Int: 14    God:    Ignis [****..]
Gold:   114        SH:  0    Dex:  6    Spells: 14/16 levels left

rFire   + + .      SeeInvis .   a - +12 morningstar of Devotion {flame, rC+ Will+}
rCold   + . .      Faith    .   x - +0 kite shield
rNeg    . . .      Spirit   .   i - +2 robe of Beqiaxucw {Str+3}
rPois   .          Reflect  .   e - +1 hat
rElec   .          Harm     .   (no cloak)
rCorr   .          Rampage  .   u - +0 pair of gloves
Will    +....                   (no boots)
Stlth   +.........              (no amulet)
HPRegen 0.21/turn               d - +4 ring of slaying
MPRegen 0.14/turn               h - ring of protection from fire

@: marked, very slightly contaminated, held
A: no striking features
a: Renounce Religion, Fiery Armour, Foxfire Swarm, Rising Flame


You were on level 7 of the Dungeon.
You worshipped Ignis.
Ignis was greatly pleased with you.
You visited 2 branches of the dungeon, and saw 8 of its levels.

You collected 432 gold pieces.
You spent 318 gold pieces at shops.

Inventory:

Hand Weapons
 a - the +12 morningstar of Devotion (weapon) {flame, rC+ Will+}
   (You found it on level 3 of the Dungeon)

   It burns those it strikes, dealing additional fire damage.
   rC:        It protects you from cold.
   Will:      It increases your willpower.
Missiles
 p - a throwing net
 t - 10 poisoned darts (quivered)
Armour
 e - a +1 hat (worn)
 i - the +2 robe of Beqiaxucw (worn) {Str+3}
   (You found it on level 2 of the Dungeon)

   Str:       It affects your strength (+3).
 u - a +0 pair of gloves (worn)
 x - a +0 kite shield (worn)
Jewellery
 d - a +4 ring of slaying (left hand)
 h - a ring of protection from fire (right hand)
 o - a ring of wizardry
Wands
 b - a wand of flame (21)
 l - a wand of acid (7)
 n - a wand of iceblast (14)
 w - a wand of charming (1)
Scrolls
 c - a scroll of enchant weapon
 f - 3 scrolls of blinking
 j - a scroll of immolation
 m - 2 scrolls of amnesia
 q - a scroll of identify
 v - 4 scrolls of teleportation
 y - a scroll of fog
 z - a scroll of holy word
 A - 2 scrolls of magic mapping
Potions
 g - a potion of heal wounds
 k - 3 potions of curing
 r - a potion of mutation {unknown}
 s - 2 potions of might {unknown}
 B - 2 potions of attraction {unknown}


   Skills:
 - Level 3.6 Fighting
 - Level 6.9(8.8) Axes
 + Level 7.1(8.0) Maces & Flails
 * Level 6.1 Shields
 - Level 4.0 Spellcasting
 - Level 8.0 Fire Magic


You had 14 spell levels left.
You knew the following spells:

 Your Spells              Type           Power      Damage    Failure   Level
a - Scorch                Fire           50%        2d8       3%          2

Your spell library contained the following spells:

 Spells                   Type           Power      Damage    Failure   Level
 Shock                    Conj/Air       8%         1d3       45%         1
 Slow                     Hex            8%         N/A       45%         1
 Corpse Rot               Necr/Air       4%         N/A       61%         2
 Confusing Touch          Hex            2%         N/A       83%         3
 Swiftness                Air            2%         N/A       83%         3
 Vampiric Draining        Necr           2%         2d6       83%         3
 Airstrike                Air            1%         N/A       99%         4
 Dispel Undead            Necr           2%         3d7       99%         4
 Death Channel            Necr           1%         N/A       100%        6


Dungeon Overview and Level Annotations

Branches:
Dungeon (7/15)             Temple (1/1) D:4

Altars:
Ashenzari
Cheibriados
Dithmenos
Elyvilon
Fedhas
Gozag
Hepliaklqana
Kikubaaqudgha
Makhleb
Nemelex Xobeh
Okawaru
Qazlal
Ru
Sif Muna
Trog
Uskayaw
Vehumet
Wu Jian
Xom
Yredelemnul
Zin
The Shining One

Shops:
D:2 :   D:6 ?([*:

Annotations:
D:7 Harold


Message History

Harold throws a throwing net.
The throwing net hits you.
You become entangled in the net!
You see here a throwing net.
Unknown command.
Unknown command.
Unknown command.
Casting: Scorch (safe; 3% risk of failure)
Confirm with . or Enter, or press ? or * to list all spells.
You miscast Scorch.
You are very lightly contaminated with residual magic.
Nothing appears to happen.
Unknown command.
Unknown command.
Casting: Scorch (safe; 3% risk of failure)
Confirm with . or Enter, or press ? or * to list all spells.
Flames lash Harold.
Harold is lightly wounded.
Harold's fire resistance burns away.
Harold hits you with a +0 battleaxe!
You take 9 damage, and have 61/70 hp.
Unknown command.
Casting: Scorch (safe; 3% risk of failure)
Confirm with . or Enter, or press ? or * to list all spells.
Flames lash Harold.
Harold is burned terribly!
Harold is lightly wounded.
Harold casts a spell at you. A sentinel's mark forms upon you.
Casting: Scorch (safe; 3% risk of failure)
Confirm with . or Enter, or press ? or * to list all spells.
Flames lash Harold.
Harold is burned terribly!
Harold is moderately wounded.
Harold hits you with a +0 battleaxe!!
Unknown command.
You take 19 damage, and have 43/70 hp.
You struggle against the net.
Harold hits you with a +0 battleaxe!!
* * * LOW HITPOINT WARNING * * *
You take 20 damage, and have 23/70 hp.
You struggle against the net.
Harold hits you but does no damage.
Unknown command.
You struggle against the net.
Harold hits you with a +0 battleaxe!!
You die...

#.# #
#########.#
#.........#
#.#########
#.# #.#####
#.....#
#####.# #@#
#.@..#
######


You could see Harold (combustible).

Vanquished Creatures
  Pikel (D:4)
  A steam dragon (D:3)
  A water moccasin (D:6)
  A black bear (D:5)
  2 sky beasts (D:7)
  A centaur (D:7)
  A necrophage (D:3)
  A lemure (D:4)
  3 phantoms
  A kobold brigand (D:7)
  A bullfrog (D:6)
  A gnoll sergeant (D:5)
  2 scorpions
  A water moccasin zombie (D:6)
  A water moccasin skeleton (D:5)
  4 wights (D:6)
  A bullfrog zombie (D:6)
  2 jellies
  An orc priest (D:7)
  5 hounds
  A bullfrog skeleton (D:7)
  A centaur skeleton (D:7)
  2 orc wizards
  Ijyb (D:4)
  An iguana (D:6)
  A hound zombie (D:5)
  Robin (D:4)
  8 gnolls
  8 adders
  An ufetubus (D:6)
  3 worms (D:2)
  2 dart slugs
  20 orcs
  8 endoplasms
  4 giant cockroaches
  20 goblins
  7 hobgoblins
  2 jackals (D:1)
  A quokka (D:4)
  6 ball pythons
  5 bats
  3 frilled lizards
  4 kobolds
  7 rats
149 creatures vanquished.

Vanquished Creatures (others)
  An adder (D:3)
  A bat (D:3)
  21 foxfires (D:4)
23 creatures vanquished.

Grand Total: 172 creatures vanquished

Notes
Turn   | Place    | Note
-------+----------+-------------------------------------------
     0 | D:1      | rlgrobin the Hill Orc Cinder Acolyte began the quest for
                  | the Orb.
     0 | D:1      | Reached XP level 1. HP: 19/19 MP: 2/2
   315 | D:1      | Reached XP level 2. HP: 26/26 MP: 3/3
   318 | D:1      | Learned a level 2 spell: Scorch
   784 | D:1      | You fall into a shaft and drop 1 floor!
   872 | D:2      | Reached skill level 5 in Axes
  1058 | D:1      | Reached XP level 3. HP: 13/31 MP: 1/4
  1275 | D:1      | Found a faded altar of an unknown god.
  1830 | D:2      | Found Batrilim's Book Shoppe.
  1962 | D:2      | Identified the +2 robe of Beqiaxucw {Str+3}
  2531 | D:2      | Reached XP level 4. HP: 38/39 MP: 5/5
  2659 | D:3      | Noticed a necrophage
  2674 | D:3      | Killed a necrophage
  2675 | D:3      | Reached skill level 4 in Fire Magic
  2675 | D:3      | Reached XP level 5. HP: 45/45 MP: 0/7
  3346 | D:3      | Noticed a steam dragon
  3362 | D:3      | Killed a steam dragon
  3363 | D:3      | Reached skill level 5 in Fire Magic
  3363 | D:3      | Reached XP level 6. HP: 16/51 MP: 6/9
  3394 | D:3      | Identified the +12 morningstar of Devotion {flame, rC+
                  | Will+}
  3649 | D:4      | Noticed Pikel
  3669 | D:4      | Killed Pikel
  3670 | D:4      | Reached skill level 6 in Fire Magic
  3670 | D:4      | Reached XP level 7. HP: 53/57 MP: 9/11
  3703 | D:4      | Noticed Ijyb
  3704 | D:4      | Noticed Robin
  3709 | D:4      | Killed Ijyb
  3710 | D:4      | Reached skill level 7 in Fire Magic
  3717 | D:4      | Killed Robin
  3718 | D:4      | Reached XP level 8. HP: 30/64 MP: 12/12
  3901 | D:4      | Found a staircase to the Ecumenical Temple.
  3908 | Temple   | Entered the Ecumenical Temple
  4184 | D:4      | Identified the +10 hand axe of Precise Incision {vorpal,
                  | rElec rF+ rC-}
  4527 | D:4      | Identified the +8 dagger "Yhuifetu" {pain, rPois Will+
                  | Int-3}
  4796 | D:5      | Entered Level 5 of the Dungeon
  5124 | D:5      | Reached skill level 8 in Fire Magic
  5778 | D:5      | Reached skill level 5 in Maces & Flails
  5918 | D:6      | Found Ahuehoto's Magic Scroll Shoppe.
  5922 | D:6      | Bought a scroll of fog for 24 gold pieces
  5922 | D:6      | Bought a scroll of holy word for 90 gold pieces
  5922 | D:6      | Bought a scroll of teleportation for 36 gold pieces
  5922 | D:6      | Bought a scroll of teleportation for 36 gold pieces
  5922 | D:6      | Bought a scroll of magic mapping for 42 gold pieces
  6072 | D:6      | Reached skill level 1 in Shields
  6075 | D:6      | Reached XP level 9. HP: 48/69 MP: 15/15
  6077 | D:6      | Found Qaxkotse's General Store.
  6090 | D:6      | Found Rocu's Book Shop.
  6303 | D:6      | Found Ponan's Antique Weapon Shoppe.
  6880 | D:6      | Found a stormy altar of Qazlal.
  6880 | D:6      | Found a burning altar of Makhleb.
  6887 | D:6      | Found a sacrificial altar of Ru.
  6890 | D:6      | Found a white marble altar of Elyvilon.
  6896 | D:6      | Found a snail-covered altar of Cheibriados.
  6905 | D:6      | Found a blossoming altar of Fedhas.
  7015 | D:6      | Found Maddou's Antique Armour Shoppe.
  7019 | D:6      | Bought a pair of gloves for 90 gold pieces
  7328 | D:7      | Reached skill level 5 in Shields
  8010 | D:7      | Found a basalt altar of Yredelemnul.
  8432 | D:7      | Noticed Harold
  8439 | D:7      | Slain by Harold

Illustrated notes

Levels and vault maps discovered:
D:1:      ncdulo_smallfort, layout_basic, shapermc_ecumenical_altar_venn
D:2:      layout_loops_corners, serial_shops, shop, serial_glass,
          glass_columns_b, glass_columns_b, kennysheep_minor_cross,
          kennysheep_flooded_box, minmay_fountain_box,
          nicolae_concentric_dashed_squares_wild, minivault_14
D:3:      minmay_octagon_keep, layout_basic
D:4:      layout_basic, minmay_temple_entry_arrows, st_stairs_7, uniq_pikel,
          uniq_ijyb, uniq_robin
D:5:      layout_cave_pools, minmay_fractal_squares_gapless_5
D:6:      layout_rooms, nicolae_overflow_hallway_of_the_gods, serial_rivers,
          chequers_serial_rivers_micro_e, chequers_serial_rivers_micro_c,
          chequers_serial_rivers_large_a, chequers_serial_rivers_micro_e,
          chequers_serial_rivers_micro_e, chequers_serial_rivers_room_a,
          serial_shops, nicolae_shop_competitors_out_of_business, shop,
          nicolae_shop_hallway_stairs, nicolae_shop_crystal, shop_statue,
          minmay_quadrilaterals
D:7:      layout_basic, amcnicky_altar_gilded,
          lightli_ossuary_entry_decrepit_ruins, grunt_ministairs_13,
          minmay_ruined_shrine, uniq_harold, uniq_maggie
Temple:   regret_index_temple_generic_petals

Skill      XL: |  1  2  3  4  5  6  7  8  9 |
---------------+----------------------------+-----
Axes           | 5 6 |  6.9
Fire Magic     | 4 5 6 7 8 |  8.0
Spellcasting   | 2 3 4 |  4.0
Maces & Flails | 2 5 7 |  7.1
Shields        | 2 6 |  6.1
Fighting       | |  3.6

Action                   |  1- 3 |  4- 6 |  7- 9 || total
-------------------------+-------+-------+-------++-------
Melee: Hand axe          |   112 |    45 |       ||   157
       Punch             |     2 |       |       ||     2
       Morningstar       |       |     6 |   134 ||   140
 Cast: Scorch            |     3 |     6 |    13 ||    22
Invok: Fiery Armour      |       |     2 |     2 ||     4
       Foxfire Swarm     |       |     1 |       ||     1
  Use: Scroll            |       |       |     8 ||     8
       Potion            |       |       |     3 ||     3
Armor: Robe              |    29 |    14 |    55 ||    98
Dodge: Dodged            |    93 |    37 |    88 ||   218
Block: Kite shield       |       |       |    26 ||    26
